[Event "Titled Tuesday Blitz April 26 Early 2022"]
[White "Jumabayev, Rinat"]
[Black "Taboas Rodriguez, Daniel"]
[WhiteFideId "13702661"]
[BlackFideId "2208466"]
[WhiteElo "2561"]
[BlackElo "2429"]
[Result "1-0"]
[Round "04"]
[TimeControl "180+1"]
[Date "2022.04.26"]
[WhiteClock "0:00:08"]
[BlackClock "0:00:41"]

1. d4 Nf6 2. c4 g6 3. g3 Bg7 4. Bg2 O-O 5. Nf3 b6 6. O-O Bb7 7. d5 Na6 8. Nc3 Nc5 9. Qc2 e6 10. Rd1 exd5 11. cxd5 Re8 12. Nd4 Qe7 13. d6 cxd6 14. Bxb7 Nxb7 15. Bg5 Qe5 16. Nf3 Qe6 17. Bxf6 Bxf6 18. Nd5 Rac8 19. Qd2 Bg7 20. e3 Nc5 21. Rab1 Ne4 22. Qd3 Qf5 23. Kg2 Rc5 24. h3 h5 25. b4 Rcc8 26. Rb3 g5 27. Qe2 g4 28. hxg4 hxg4 29. Nh4 Qg5 30. Rbd3 Re5 31. Nf4 Rf5 32. Rxd6 Nxd6 33. Rxd6 Rf6 34. Rxd7 Rfc6 35. Qd3 Rc2 36. Nf5 Qf6 37. Ne7+ Kh8 38. Nxc8 Rxc8 39. Qd5 Kg8 40. Rxa7 Rc2 41. Qd7 Bf8 42. Qxg4+ Qg7 43. Qxg7+ Kxg7 44. a3 Bd6 45. Nd5 Be5 46. Nxb6 Bc3 47. Kf1 Rc1+ 48. Ke2 Rc2+ 49. Kd3 Rc1 50. f4 Be1 51. Nd5 Bxg3 52. Ke4 Re1 53. Rd7 Bf2 54. b5 Ra1 55. b6 Rxa3 56. b7 Rb3 57. Kf3 Be1 58. Ke2 Ba5 59. Ne7 Bb6 60. b8=Q Rxe3+ 61. Kd1 1-0


[Site "https://www.chess.com"]

[Event "Titled Tuesday Blitz April 26 Early 2022"]
[White "Kamsky, Gata"]
[Black "Ljukin, Sergei"]
[WhiteFideId "2000024"]
[BlackFideId "14102200"]
[WhiteElo "2813"]
[BlackElo "2545"]
[Result "1-0"]
[Round "04"]
[TimeControl "180+1"]
[Date "2022.04.26"]
[WhiteClock "0:00:33"]
[BlackClock "0:00:07"]

1. d4 d5 2. Bf4 Nf6 3. e3 c5 4. c3 Nc6 5. Nd2 Bf5 6. Qb3 Qc8 7. a4 c4 8. Qa2 e6 9. Be2 Be7 10. Ngf3 h6 11. b3 cxb3 12. Qxb3 O-O 13. O-O Nh5 14. Be5 f6 15. Bg3 Nxg3 16. hxg3 Na5 17. Qb2 Qc7 18. Rfc1 Qd6 19. c4 dxc4 20. Nxc4 Nxc4 21. Bxc4 b6 22. Qa2 Kf7 23. d5 e5 24. Nh4 Bd7 25. e4 Rfc8 26. Qe2 Kg8 27. Bb5 Rxc1+ 28. Rxc1 Rc8 29. Rd1 Bxb5 30. axb5 Rc5 31. Nf5 Qd8 32. d6 Bf8 33. d7 Rc7 34. Qa2+ Kh7 35. Qf7 1-0


[Site "https://www.chess.com"]

[Event "Titled Tuesday Blitz April 26 Early 2022"]
[White "Karacsonyi, Gellert"]
[Black "Kadam, Om Manish"]
[WhiteFideId "764620"]
[BlackFideId "45076294"]
[WhiteElo "2187"]
[BlackElo "1729"]
[Result "1-0"]
[Round "04"]
[TimeControl "180+1"]
[Date "2022.04.26"]
[WhiteClock "0:01:01"]
[BlackClock "0:00:25"]

1. e4 c6 2. d4 d5 3. exd5 cxd5 4. Bd3 Nc6 5. c3 Nf6 6. Bg5 e6 7. Nf3 Be7 8. O-O h6 9. Bh4 O-O 10. Nbd2 Rb8 11. Qe2 Nh5 12. Bxe7 Qxe7 13. g3 Nf6 14. Ne5 Nxe5 15. Qxe5 Nd7 16. Qe2 b6 17. f4 Re8 18. Rae1 Nf8 19. Nf3 Bd7 20. Ne5 f6 21. Nf3 b5 22. Bc2 Qd6 23. Qd3 b4 24. Rf2 bxc3 25. bxc3 Rec8 26. Nh4 Bb5 27. Qf3 Qc7 28. Re3 Bd7 29. f5 Qd6 30. fxe6 Bxe6 31. Bf5 Re8 32. Bxe6+ Rxe6 33. Nf5 Qd7 34. Rxe6 Nxe6 35. Qxd5 Rb1+ 36. Rf1 Rb7 37. Qxd7 Rxd7 38. Kf2 Kf7 39. Ke3 Rb7 40. Nd6+ 1-0


[Site "https://www.chess.com"]

[Event "Titled Tuesday Blitz April 26 Early 2022"]
[White "Karolczuk, Iwo"]
[Black "Todorovic, Bojan"]
[WhiteFideId "21816972"]
[BlackFideId "917087"]
[WhiteElo "2277"]
[BlackElo "2266"]
[Result "1-0"]
[Round "04"]
[TimeControl "180+1"]
[Date "2022.04.26"]
[WhiteClock "0:00:10"]
[BlackClock "0:00:07"]

1. d4 d5 2. Nf3 Nf6 3. c4 dxc4 4. e3 e6 5. Bxc4 a6 6. O-O c5 7. b3 Be7 8. Bb2 O-O 9. Nbd2 Nbd7 10. Rc1 b5 11. Bd3 Bb7 12. Qe2 Qb6 13. Bb1 Rac8 14. dxc5 Nxc5 15. Ne5 Rfd8 16. Ng4 Nfe4 17. Nf3 Nd7 18. Nfe5 Nxe5 19. Nxe5 Rd2 20. Rxc8+ Bxc8 21. Qf3 Nf6 22. Bd4 Qb7 23. Qg3 Bd6 24. Qg5 Ne4 25. Bxe4 Qxe4 26. Qd8+ Bf8 27. Qxc8 Rxd4 28. exd4 Qxd4 29. Nd7 1-0


[Site "https://www.chess.com"]

[Event "Titled Tuesday Blitz April 26 Early 2022"]
[White "Khamdamova, Afruza"]
[Black "Salimova, Nurgyul"]
[WhiteFideId "14210444"]
[BlackFideId "2915138"]
[WhiteElo "1660"]
[BlackElo "2185"]
[Result "1/2-1/2"]
[Round "04"]
[TimeControl "180+1"]
[Date "2022.04.26"]
[WhiteClock "0:00:56"]
[BlackClock "0:00:13"]

1. e4 c6 2. d4 d5 3. Nc3 dxe4 4. Nxe4 Nf6 5. Nxf6+ exf6 6. c3 Bd6 7. Bd3 O-O 8. Qc2 Re8+ 9. Ne2 h5 10. O-O h4 11. Nf4 Nd7 12. Bd2 Nf8 13. Rfe1 Bd7 14. Rxe8 Bxe8 15. Re1 Qc7 16. g3 Bd7 17. c4 Re8 18. Rxe8 Bxe8 19. c5 Bxf4 20. Bxf4 Qd8 21. Bd6 Ne6 22. Qc4 Qa5 23. b4 Qa3 24. Bf5 Ng5 25. Qe2 g6 26. Qxe8+ Kh7 27. gxh4 Nf3+ 28. Kh1 Qc1+ 29. Kg2 Nxh4+ 30. Kh3 Nxf5 31. Qxf7+ Ng7 32. Qxf6 Qh6+ 33. Kg2 Qh5 34. Bf8 Qg4+ 35. Kf1 Qd1+ 36. Kg2 Qg4+ 37. Kf1 Qd1+ 38. Kg2 Qg4+ 1/2-1/2


[Site "https://www.chess.com"]

[Event "Titled Tuesday Blitz April 26 Early 2022"]
[White "Khusenkhojaev, Muhammad"]
[Black "volunteers1998"]
[WhiteFideId "14700247"]
[WhiteElo "2180"]
[BlackElo "2303"]
[Result "1-0"]
[Round "04"]
[TimeControl "180+1"]
[Date "2022.04.26"]
[WhiteClock "0:02:11"]
[BlackClock "0:00:41"]

1. e4 c5 2. Nf3 Nc6 3. d4 cxd4 4. Nxd4 Nf6 5. Nc3 e5 6. Ndb5 d6 7. Nd5 Nxd5 8. exd5 Nb8 9. a4 a6 10. Na3 Be7 11. Nc4 O-O 12. a5 Nd7 13. Be2 b5 14. axb6 Nxb6 15. Na5 Qc7 16. O-O Bb7 17. c4 Rad8 18. Be3 f5 19. Qb3 Nd7 20. Qxb7 Qxb7 21. Nxb7 Rb8 22. Na5 Rxb2 23. Bd1 Bf6 24. Nc6 Ra8 25. Ba4 Nb6 26. Bxb6 Rxb6 27. Rab1 Rxb1 28. Rxb1 g5 29. f3 e4 30. fxe4 fxe4 31. Kf2 g4 32. Ke3 Bg5+ 33. Kxe4 Rf8 34. Rb8 Rxb8 35. Nxb8 1-0


[Site "https://www.chess.com"]

[Event "Titled Tuesday Blitz April 26 Early 2022"]
[White "Koellner, Ruben Gideon"]
[Black "Chigaev, Maksim"]
[WhiteFideId "12993093"]
[BlackFideId "4108116"]
[WhiteElo "2577"]
[BlackElo "2478"]
[Result "0-1"]
[Round "04"]
[TimeControl "180+1"]
[Date "2022.04.26"]
[WhiteClock "0:00:02"]
[BlackClock "0:00:04"]

1. d4 Nf6 2. Bg5 Ne4 3. Bf4 d5 4. e3 h5 5. h4 Bf5 6. Bd3 e6 7. Nd2 Nxd2 8. Qxd2 Bxd3 9. Qxd3 Nd7 10. Nf3 Be7 11. a3 c5 12. c4 dxc4 13. Qxc4 cxd4 14. Qxd4 Bf6 15. Qb4 Qb6 16. Qxb6 axb6 17. O-O-O Nc5 18. Be5 Ne4 19. Rhf1 Ke7 20. Rd4 Rhc8+ 21. Kb1 Nc5 22. Bxf6+ gxf6 23. Rfd1 e5 24. Rd5 Rc7 25. Nd2 Ra4 26. g3 Ne6 27. Rb5 Rc6 28. Nb3 Nc7 29. Rb4 Rxb4 30. axb4 f5 31. Nc1 f6 32. Nd3 Rd6 33. Rc1 Nd5 34. Kc2 Ke6 35. Ra1 Rc6+ 36. Kb3 f4 37. gxf4 e4 38. Nc1 b5 39. Ne2 Rc4 40. Nd4+ Kd7 41. Ka2 Nxb4+ 42. Kb3 Nd3 0-1


[Site "https://www.chess.com"]

[Event "Titled Tuesday Blitz April 26 Early 2022"]
[White "Kozak, Antoni"]
[Black "Jaskolka, Tomasz"]
[WhiteFideId "21832030"]
[BlackFideId "1170791"]
[WhiteElo "2236"]
[BlackElo "2073"]
[Result "1-0"]
[Round "04"]
[TimeControl "180+1"]
[Date "2022.04.26"]
[WhiteClock "0:00:16"]
[BlackClock "0:00:19"]

1. Nf3 d5 2. e3 Bf5 3. c4 dxc4 4. Bxc4 Nd7 5. Qb3 e6 6. Qxb7 Ngf6 7. Qb3 Bd6 8. Qd1 O-O 9. Nc3 Nb6 10. Be2 c5 11. b3 a5 12. Bb2 Nbd5 13. Nxd5 Nxd5 14. O-O Qd7 15. Ne5 Qc7 16. f4 Rfb8 17. Nc4 f6 18. Rc1 Be7 19. Na3 a4 20. Nb5 Qa5 21. bxa4 Qxa4 22. Qxa4 Rxa4 23. a3 c4 24. Rxc4 Ra5 25. a4 Kf7 26. e4 Nb6 27. Rc7 Bxe4 28. Nd6+ Kf8 29. Nxe4 Nd5 30. Rc2 Rxa4 31. Nc3 Rxf4 32. Nxd5 Rxf1+ 33. Kxf1 exd5 34. Bf3 Rb5 35. Bd4 Kf7 36. Ke2 Ke6 37. Kd3 g5 38. Rc6+ Kf5 39. Rc3 Kg6 40. g4 f5 41. h3 fxg4 42. hxg4 Rb4 43. Rc6+ Kf7 44. Bxd5+ Ke8 45. Re6 Kd7 46. Rxe7+ Kd6 47. Re5 h5 48. gxh5 g4 49. Ke4 g3 50. Rg5 g2 51. Rxg2 Ra4 52. h6 Ra7 53. Rg6+ Ke7 54. Rg7+ Kf8 55. Bc5+ Ke8 56. Bc6+ Kd8 57. Bb6+ Kc8 58. Rg8# 1-0


[Site "https://www.chess.com"]

[Event "Titled Tuesday Blitz April 26 Early 2022"]
[White "Koziorowicz, Michal"]
[Black "Guseva, Marina"]
[WhiteFideId "21809194"]
[BlackFideId "4149351"]
[WhiteElo "2235"]
[BlackElo "2071"]
[Result "1-0"]
[Round "04"]
[TimeControl "180+1"]
[Date "2022.04.26"]
[WhiteClock "0:00:04"]
[BlackClock "0:00:02"]

1. Nc3 d5 2. d4 Nf6 3. Bg5 Bf5 4. g3 c6 5. Bg2 Nbd7 6. Nh3 h6 7. Be3 e6 8. O-O Bb4 9. f3 Bxc3 10. bxc3 Nb6 11. Nf2 Nc4 12. Bc1 Qa5 13. e4 Bh7 14. Bd2 O-O 15. Re1 Rad8 16. Bf1 Nxd2 17. Qxd2 dxe4 18. fxe4 c5 19. Qe3 Rc8 20. Bd3 Rfd8 21. e5 Nd5 22. Bxh7+ Kxh7 23. Qd3+ Kh8 24. c4 Nb4 25. Qb3 cxd4 26. Nd3 Nc6 27. Qxb7 Rc7 28. Qb5 Rb8 29. Qxa5 Nxa5 30. c5 Nb7 31. Rab1 Rbc8 32. Re4 Nxc5 33. Rxd4 Nd7 34. c4 Kg8 35. Rb5 Nc5 36. Nxc5 Rxc5 37. Rb7 Ra5 38. Rdd7 Rf8 39. Rxa7 Rxe5 40. a4 Rf5 41. Kg2 Rc8 42. Rac7 Rxc7 43. Rxc7 Ra5 44. c5 Rxa4 45. Rc8+ Kh7 46. Kf3 Kg6 47. Ke3 f5 48. c6 Kg5 49. Kd3 Ra1 50. Rg8 Rc1 51. Rxg7+ Kf6 52. Rc7 e5 53. Rc8 Kg5 54. h3 f4 55. gxf4+ exf4 56. c7 Kh4 57. Ke4 Rc4+ 58. Kf3 h5 59. Rh8 Rxc7 60. Kxf4 Rc3 61. Rh7 Rxh3 62. Rh8 Rb3 63. Rh7 Rc3 64. Rh6 Rc5 65. Kf3 Kh3 66. Rh8 h4 67. Kf2 1-0


[Site "https://www.chess.com"]

[Event "Titled Tuesday Blitz April 26 Early 2022"]
[White "Lakshmi C"]
[Black "Zia, Tahsin Tajwar"]
[WhiteFideId "25035347"]
[BlackFideId "10211888"]
[WhiteElo "1775"]
[BlackElo "1800"]
[Result "0-1"]
[Round "04"]
[TimeControl "180+1"]
[Date "2022.04.26"]
[WhiteClock "0:00:18"]
[BlackClock "0:01:31"]

1. e4 c6 2. Nc3 d5 3. Nf3 Bg4 4. h3 Bxf3 5. Qxf3 e6 6. d4 Nf6 7. e5 Nfd7 8. Qd3 c5 9. f4 Nc6 10. Nb5 a6 11. Nd6+ Bxd6 12. exd6 Nxd4 13. c4 dxc4 14. Qxc4 b5 15. Qd3 Nf6 16. Be3 Qxd6 17. Rd1 Rd8 18. Be2 O-O 19. b4 Qc7 20. Qb1 Nd5 21. Bxd4 cxd4 22. Rxd4 Qc3+ 23. Rd2 Nxf4 24. Qc2 Qg3+ 25. Kd1 Nxe2 26. Kxe2 0-1


[Site "https://www.chess.com"]

[Event "Titled Tuesday Blitz April 26 Early 2022"]
[White "Lauridsen, Jesper Morch"]
[Black "Barria Zuniga, Daniel"]
[WhiteFideId "1401890"]
[BlackFideId "3400816"]
[WhiteElo "2296"]
[BlackElo "2414"]
[Result "0-1"]
[Round "04"]
[TimeControl "180+1"]
[Date "2022.04.26"]
[WhiteClock "0:00:06"]
[BlackClock "0:00:38"]

1. e4 g6 2. d4 Bg7 3. Nc3 c5 4. Nf3 Qa5 5. Be2 Nc6 6. d5 Nd4 7. O-O d6 8. Nxd4 Bxd4 9. Bb5+ Kf8 10. a4 a6 11. Bd3 Bd7 12. Bd2 Qc7 13. a5 h5 14. Kh1 Bg7 15. f4 b5 16. axb6 Qxb6 17. Ra3 Nf6 18. e5 Ng4 19. e6 fxe6 20. dxe6 Bc6 21. Bxg6 c4 22. Qe2 Qxb2 23. Qxc4 Bxg2+ 24. Kxg2 Qxa3 25. Qe4 Bxc3 26. Qxa8+ Kg7 27. Bxc3+ Qxc3 28. Qb7 Qf6 29. f5 Ne3+ 30. Kf2 Nxf1 31. Kxf1 Rf8 32. Qg2 Kh6 33. Qd2+ Qg5 34. Qd4 Qxg6 35. Qf4+ Qg5 0-1


[Site "https://www.chess.com"]

[Event "Titled Tuesday Blitz April 26 Early 2022"]
[White "Lazavik, Denis"]
[Black "Moiseenko, Alexander"]
[WhiteFideId "13515110"]
[BlackFideId "14102560"]
[WhiteElo "2437"]
[BlackElo "2577"]
[Result "1-0"]
[Round "04"]
[TimeControl "180+1"]
[Date "2022.04.26"]
[WhiteClock "0:00:09"]
[BlackClock "0:00:01"]

1. d4 Nf6 2. c4 e6 3. Nf3 d5 4. g3 Bb4+ 5. Bd2 Bd6 6. Bg2 c6 7. Qc2 Nbd7 8. O-O O-O 9. Rd1 Ne4 10. Nc3 Nxd2 11. Nxd2 f5 12. e3 Qe7 13. a3 Nf6 14. b4 Bd7 15. Qb3 Be8 16. b5 Bh5 17. Rdc1 Kh8 18. Qa4 Rac8 19. Nb3 dxc4 20. Na5 cxb5 21. Nxb5 Be8 22. Nxb7 Bb8 23. Rxc4 Rxc4 24. Qxc4 Ne4 25. Nc5 a6 26. Nc3 Nxc5 27. dxc5 Be5 28. Rc1 Bxc3 29. Qxc3 Bb5 30. Qb4 Qc7 31. a4 Bc6 32. Qb6 Rc8 33. Qxc7 Rxc7 34. Bxc6 Rxc6 35. Kf1 Kg8 36. Ke2 e5 37. Kd3 Kf7 38. Kc4 Ke6 39. Rb1 Rc7 40. Rb6+ Ke7 41. Kd5 e4 42. Rxa6 Rd7+ 43. Rd6 Ra7 44. Ke5 1-0


[Site "https://www.chess.com"]

[Event "Titled Tuesday Blitz April 26 Early 2022"]
[White "Le, Tuan Minh"]
[Black "Solovchuk, Oleksiy"]
[WhiteFideId "12401153"]
[BlackFideId "14115220"]
[WhiteElo "2450"]
[BlackElo "2305"]
[Result "1-0"]
[Round "04"]
[TimeControl "180+1"]
[Date "2022.04.26"]
[WhiteClock "0:02:39"]
[BlackClock "0:02:24"]

1. d4 Nf6 2. Nf3 e6 3. Bf4 b6 4. e3 Bb7 5. Nbd2 Be7 6. Bd3 c5 7. c3 cxd4 8. exd4 d6 9. O-O O-O 10. Re1 Nbd7 11. h3 Re8 12. Bh2 a6 13. a4 Bc6 14. Qe2 Qc8 15. Nc4 Qc7 16. Ng5 Bf8 17. Qc2 b5 18. Bxh7+ 1-0


[Site "https://www.chess.com"]

[Event "Titled Tuesday Blitz April 26 Early 2022"]
[White "Legenia, Artem"]
[Black "Noboa Silva, Kevin"]
[WhiteFideId "14136945"]
[BlackFideId "3618471"]
[WhiteElo "1936"]
[BlackElo "2172"]
[Result "0-1"]
[Round "04"]
[TimeControl "180+1"]
[Date "2022.04.26"]
[WhiteClock "0:00:06"]
[BlackClock "0:00:04"]

1. b4 d6 2. Bb2 Nd7 3. a3 Ngf6 4. e3 g6 5. Nf3 Bg7 6. Be2 O-O 7. O-O e5 8. d4 e4 9. Nfd2 Re8 10. c4 Nf8 11. Nc3 h5 12. Re1 Bf5 13. Rc1 h4 14. c5 d5 15. b5 N8h7 16. a4 Ng5 17. a5 Qc8 18. c6 b6 19. axb6 axb6 20. Qb3 Qe6 21. Ra1 Rad8 22. Ra7 h3 23. g3 Bg4 24. Bf1 Rc8 25. Ne2 Nh5 26. Rea1 Bf8 27. Nc3 Red8 28. Ba3 Bh6 29. Bb2 Kh7 30. Rb7 Nf6 31. Ne2 Nf3+ 32. Nxf3 Bxf3 33. Raa7 Ne8 34. Qc2 Qg4 35. Ba3 Bg5 36. Bb4 Kg8 37. Qd2 Ra8 38. Qa2 Rxa7 39. Rxa7 Bf6 40. Nf4 Bg2 41. Be2 Qf5 42. Qb1 Bg5 43. Nxg2 hxg2 44. Kxg2 Nf6 45. Qd1 Rc8 46. h3 Qe6 47. Kh2 Bh6 48. Kg2 Qe8 49. Qa1 Bg7 50. Qa2 g5 51. Qa3 Kh7 52. Be7 Kg6 53. Bb4 Qe6 54. Qa6 Ne8 55. Ra8 Rxa8 56. Qxa8 f5 57. Qb8 f4 58. Bg4 Qf7 59. Qc8 fxe3 60. fxe3 Bh8 61. Qd7 Bg7 62. Qxf7+ Kxf7 63. Bf5 Bf8 64. Bd7 Bxb4 65. h4 gxh4 66. gxh4 Nf6 0-1


[Site "https://www.chess.com"]

[Event "Titled Tuesday Blitz April 26 Early 2022"]
[White "Lewicki, Miroslaw"]
[Black "Abarca Gonzalez, Nicolas"]
[WhiteFideId "1113380"]
[BlackFideId "3409422"]
[WhiteElo "2531"]
[BlackElo "2779"]
[Result "0-1"]
[Round "04"]
[TimeControl "180+1"]
[Date "2022.04.26"]
[WhiteClock "0:00:39"]
[BlackClock "0:01:43"]

1. e3 c5 2. b3 Nf6 3. Bb2 g6 4. Nf3 Bg7 5. Be2 O-O 6. O-O d5 7. d4 cxd4 8. exd4 Nc6 9. Re1 a5 10. a4 Bf5 11. Nc3 Nb4 12. Rc1 Bh6 13. Bd3 Bxc1 14. Bxc1 Bxd3 15. cxd3 Rc8 16. Ne2 Qc7 17. Bh6 Rfe8 18. Ng3 Qc2 19. Ne5 Qxd1 20. Rxd1 Rc3 21. h4 Rec8 22. h5 Nxh5 23. Nxh5 gxh5 24. Re1 f6 25. Nd7 Kf7 26. Nc5 Nxd3 27. Re3 Rc1+ 28. Kh2 Nxc5 29. Rg3 Ne6 30. Rg8 Kxg8 31. Bg7 0-1


[Site "https://www.chess.com"]

[Event "Titled Tuesday Blitz April 26 Early 2022"]
[White "Lopez Del Alamo, Antonio"]
[Black "Al-Tarboush, Ward"]
[WhiteFideId "2227339"]
[BlackFideId "7601450"]
[WhiteElo "2082"]
[BlackElo "2276"]
[Result "0-1"]
[Round "04"]
[TimeControl "180+1"]
[Date "2022.04.26"]
[WhiteClock "0:01:01"]
[BlackClock "0:01:58"]

1. e4 b6 2. d3 Bb7 3. Nd2 e6 4. Ngf3 Nf6 5. c3 c5 6. g3 Be7 7. Bg2 Nc6 8. O-O Qc7 9. Re1 d6 10. a3 O-O 11. b4 Rad8 12. Bb2 Ne5 13. Qe2 Rfe8 14. Rac1 Qb8 15. d4 Nxf3+ 16. Bxf3 Qa8 17. e5 Bxf3 18. Nxf3 dxe5 19. Nxe5 cxd4 20. cxd4 Rc8 21. Nxf7 Rxc1 22. Bxc1 Kxf7 23. Qxe6+ Kf8 24. Bf4 Qd5 25. Qe2 Bd6 26. Be5 Kg8 27. f4 Qf7 28. Qb5 Rd8 29. Qc6 Bf8 30. Rc1 h5 31. Qf3 h4 32. g4 Qd5 33. Qe3 Nxg4 34. Qh3 Nxe5 35. dxe5 Qd4+ 36. Kh1 Qxf4 37. e6 Qxc1+ 0-1


[Site "https://www.chess.com"]

[Event "Titled Tuesday Blitz April 26 Early 2022"]
[White "Lopez, Henry"]
[Black "Aggelis, Nikolaos"]
[WhiteFideId "5203830"]
[BlackFideId "4213220"]
[WhiteElo "2177"]
[BlackElo "2154"]
[Result "0-1"]
[Round "04"]
[TimeControl "180+1"]
[Date "2022.04.26"]
[WhiteClock "0:00:01"]
[BlackClock "0:01:24"]

1. d4 d5 2. Nf3 Nf6 3. c4 c5 4. cxd5 cxd4 5. Qa4+ Qd7 6. Qxd4 Qxd5 7. Nc3 Qxd4 8. Nxd4 Bd7 9. g3 Nc6 10. Nb3 e5 11. Bg2 Bb4 12. O-O O-O-O 13. Bg5 Be6 14. Rac1 Kb8 15. Ne4 Be7 16. Nec5 Bd5 17. e4 Bxb3 18. Nxb3 Nd4 19. Nxd4 Rxd4 20. Be3 Rb4 21. b3 Rd8 22. h3 a5 23. Rc2 a4 24. bxa4 Rxa4 25. Bb6 Rc8 26. Re2 Rc6 27. Rb1 Bc5 28. Bxc5 Rxc5 29. Reb2 Rc7 30. Rb5 Nd7 31. Rd5 Rxa2 32. Rbd1 Kc8 33. h4 b6 34. Bh3 Raa7 35. Rxe5 Kd8 36. Red5 Rab7 37. Rd6 b5 38. e5 b4 39. e6 fxe6 40. Bxe6 b3 41. R6d2 b2 0-1


[Site "https://www.chess.com"]

[Event "Titled Tuesday Blitz April 26 Early 2022"]
[White "Lou, Yiping"]
[Black "Sanal, Vahap"]
[WhiteFideId "8603928"]
[BlackFideId "6300545"]
[WhiteElo "2412"]
[BlackElo "2603"]
[Result "0-1"]
[Round "04"]
[TimeControl "180+1"]
[Date "2022.04.26"]
[WhiteClock "0:00:49"]
[BlackClock "0:01:57"]

1. e4 e5 2. Nf3 Nc6 3. Bc4 Bc5 4. d3 Nf6 5. O-O d6 6. c3 h6 7. Re1 a6 8. h3 Ba7 9. a4 O-O 10. Nbd2 Be6 11. Bxe6 fxe6 12. b4 Qe8 13. Nf1 Nh5 14. Ra2 Ne7 15. Nh4 g5 16. Nf3 Nf4 17. N1h2 Neg6 18. d4 Qc6 19. Ng4 Qxc3 20. Nxh6+ Kg7 21. Ng4 Nxh3+ 22. gxh3 Qxf3 23. Qxf3 Rxf3 24. dxe5 Nxe5 25. Nxe5 dxe5 26. Bxg5 Rg3+ 0-1


[Site "https://www.chess.com"]

[Event "Titled Tuesday Blitz April 26 Early 2022"]
[White "Maghsoodloo, Parham"]
[Black "Mirzoev, Azer"]
[WhiteFideId "12539929"]
[BlackFideId "13400304"]
[WhiteElo "2630"]
[BlackElo "2525"]
[Result "1-0"]
[Round "04"]
[TimeControl "180+1"]
[Date "2022.04.26"]
[WhiteClock "0:00:20"]
[BlackClock "0:00:03"]

1. d4 d5 2. c4 c6 3. Nf3 Nf6 4. Nc3 dxc4 5. a4 Bf5 6. Ne5 e6 7. f3 c5 8. dxc5 Qxd1+ 9. Nxd1 Bxc5 10. e4 Bg6 11. Bxc4 Nbd7 12. Nd3 Be7 13. a5 a6 14. Be3 Rc8 15. b3 O-O 16. g4 Nc5 17. Nxc5 Bxc5 18. Bxc5 Rxc5 19. Nf2 Rd8 20. Ke2 Kf8 21. Nd3 Rc7 22. h4 h6 23. Ne5 Ke7 24. Ke3 Nd7 25. Nd3 f6 26. g5 Bf7 27. gxh6 gxh6 28. Rhg1 Nc5 29. Nxc5 Rxc5 30. Rg7 Kf8 31. Rh7 Kg8 32. Rxf7 Kxf7 33. f4 f5 34. e5 Rc7 35. h5 Rdc8 36. Rg1 Rxc4 37. bxc4 Rxc4 38. Rg6 Rc5 39. Rf6+ Ke7 40. Rxh6 Rxa5 41. Rh7+ Kf8 42. Rxb7 Ra4 43. h6 Kg8 44. Re7 Re4+ 45. Kf3 a5 46. Rxe6 a4 47. Ra6 Rb4 48. Kg3 Kh7 49. Rf6 a3 50. Ra6 Rb3+ 51. Kh4 Rf3 52. Kg5 Rg3+ 53. Kxf5 Rb3 54. Kg5 Rg3+ 55. Kh4 Rf3 56. Kg4 Rc3 57. f5 1-0


[Site "https://www.chess.com"]

[Event "Titled Tuesday Blitz April 26 Early 2022"]
[White "Maksimenko, Viktor"]
[Black "Odegov, Artem"]
[WhiteFideId "13710478"]
[BlackFideId "34183644"]
[WhiteElo "2269"]
[BlackElo "2286"]
[Result "0-1"]
[Round "04"]
[TimeControl "180+1"]
[Date "2022.04.26"]
[WhiteClock "0:00:02"]
[BlackClock "0:00:24"]

1. d4 Nf6 2. c4 e6 3. g3 d5 4. Bg2 c5 5. cxd5 exd5 6. Nf3 Nc6 7. O-O Be7 8. Nc3 O-O 9. Bg5 cxd4 10. Nxd4 h6 11. Be3 Be6 12. Rc1 Rc8 13. Qa4 Qd7 14. Rfd1 Bh3 15. Nxc6 bxc6 16. Qxa7 Rc7 17. Qd4 Bxg2 18. Kxg2 c5 19. Qa4 d4 20. Bf4 Rc6 21. Kg1 Rfc8 22. Nb1 Qh3 23. Nd2 g5 24. Be5 Ng4 25. Nf3 Re6 26. Qd7 Rf8 27. Bxd4 cxd4 28. Rxd4 Bf6 29. Rd2 Bg7 30. a4 Nf6 31. Qb7 Ne4 32. Rdc2 g4 33. Nd2 Nxf2 34. Kxf2 Qxh2+ 35. Kf1 Rxe2 36. Ne4 Qg2# 0-1


[Site "https://www.chess.com"]

[Event "Titled Tuesday Blitz April 26 Early 2022"]
[White "Martic, Ivan"]
[Black "Vasquez Schroeder, Rodrigo"]
[WhiteFideId "929301"]
[BlackFideId "3400042"]
[WhiteElo "2317"]
[BlackElo "2561"]
[Result "1/2-1/2"]
[Round "04"]
[TimeControl "180+1"]
[Date "2022.04.26"]
[WhiteClock "0:00:04"]
[BlackClock "0:01:17"]

1. e4 c5 2. Nf3 d6 3. Bc4 Nc6 4. d3 Nf6 5. O-O g6 6. c3 Bg7 7. Bb3 O-O 8. h3 b5 9. Re1 Rb8 10. d4 e5 11. d5 Ne7 12. a4 c4 13. Bc2 a6 14. axb5 axb5 15. Bg5 h6 16. Be3 Nd7 17. Qd2 Kh7 18. b4 cxb3 19. Bxb3 Qc7 20. Ra7 Rb7 21. Rxb7 Bxb7 22. Na3 Ba6 23. Bd1 Rc8 24. Be2 Qa5 25. Qb2 Qxc3 26. Qxc3 Rxc3 27. Nxb5 Bxb5 28. Bxb5 Nc5 29. Nd2 Ng8 30. f3 h5 31. Nc4 Bf8 32. Bxc5 dxc5 33. Nxe5 Kg7 34. Nd7 c4 35. Nxf8 Kxf8 36. d6 Nf6 37. e5 Nd5 38. Rd1 Rd3 39. Rxd3 cxd3 40. Bxd3 Nf4 41. Bc4 g5 42. Kf2 Ng6 43. e6 fxe6 44. Bxe6 Ne5 45. Ke3 Ke8 46. Ke4 Nc6 47. g3 h4 48. g4 Nd8 49. Bd5 Kd7 50. Ke5 Ke8 51. Be6 Nc6+ 52. Kf6 Nd4 53. Bd5 Kd7 54. Kxg5 Kxd6 55. Be4 Ne6+ 56. Kxh4 Ke5 57. Kg3 Nf4 58. h4 Ne2+ 59. Kf2 Nf4 60. h5 Kf6 61. Kg3 Kg5 62. Bc2 Ne2+ 63. Kf2 Nd4 64. Bd3 Ne6 65. Ke3 Nf4 66. Be4 Ng2+ 67. Kd4 Kf6 68. Kd5 Nf4+ 69. Kd6 Ne6 70. h6 Ng5 71. h7 Kg7 72. Ke5 Nf7+ 73. Ke6 Ng5+ 74. Ke7 Nf7 75. f4 Nh8 76. g5 Nf7 77. g6 Nh6 78. f5 Kh8 79. Kf8 Nxf5 80. g7+ Nxg7 81. Kf7 Nh5 82. Kg6 Nf6 83. Bd3 Nxh7 1/2-1/2


[Site "https://www.chess.com"]

[Event "Titled Tuesday Blitz April 26 Early 2022"]
[White "Martin Carmona, Gaston Manuel"]
[Black "Stelmaszyk, Nico"]
[WhiteFideId "22284567"]
[BlackFideId "16200462"]
[WhiteElo "2146"]
[BlackElo "2119"]
[Result "0-1"]
[Round "04"]
[TimeControl "180+1"]
[Date "2022.04.26"]
[WhiteClock "0:00:09"]
[BlackClock "0:01:08"]

1. d4 d5 2. Nf3 e6 3. c4 c5 4. cxd5 exd5 5. Nc3 Nc6 6. dxc5 d4 7. Na4 Bxc5 8. Nxc5 Qa5+ 9. Bd2 Qxc5 10. Rc1 Qb6 11. e3 Qxb2 12. Bc4 Nf6 13. O-O O-O 14. exd4 Bg4 15. Bc3 Qa3 16. d5 Rad8 17. Bxf6 gxf6 18. Qb3 Qxb3 19. Bxb3 Bxf3 20. gxf3 Nd4 21. Rfd1 Ne2+ 22. Kf1 Nxc1 23. Rxc1 Rc8 24. Rd1 Rfd8 25. Rd4 Rd6 26. f4 Rc3 27. Kg2 Kf8 28. Rb4 b6 29. Re4 b5 30. f5 a5 31. Rh4 a4 32. Bd1 Rxd5 33. Be2 Rd2 34. Bxb5 Rcc2 35. Rf4 a3 36. Bc4 h5 37. Bb3 Rb2 38. Kg3 h4+ 39. Kg2 h3+ 40. Kg3 Rd3+ 41. f3 Rdd2 42. Rb4 Rxh2 43. Rb8+ Kg7 44. Rb7 Rh1 45. Rxf7+ Kh6 46. Rxf6+ Kg5 47. Rf8 Rxb3 48. axb3 a2 0-1


[Site "https://www.chess.com"]

[Event "Titled Tuesday Blitz April 26 Early 2022"]
[White "Martinez Alcantara, Jose Eduardo"]
[Black "Janaszak, Dawid"]
[WhiteFideId "3805662"]
[BlackFideId "1119206"]
[WhiteElo "2690"]
[BlackElo "2199"]
[Result "1-0"]
[Round "04"]
[TimeControl "180+1"]
[Date "2022.04.26"]
[WhiteClock "0:01:52"]
[BlackClock "0:00:20"]

1. e4 c5 2. Nf3 g6 3. d4 cxd4 4. Nxd4 Nc6 5. c4 Qb6 6. Nb5 Bg7 7. N1c3 Nf6 8. Be3 Qa5 9. f3 O-O 10. Qd2 a6 11. Nd4 d6 12. Rc1 Bd7 13. Be2 Rfc8 14. Nb3 Qd8 15. c5 dxc5 16. Nxc5 Be8 17. Rd1 Qxd2+ 18. Rxd2 Rc7 19. Kf2 Nd7 20. Nd5 Rac8 21. Nxc7 Rxc7 22. Nxd7 Bxd7 23. Rhd1 Be8 24. a3 e6 25. f4 f5 26. e5 Bf8 27. Bf3 Be7 28. g4 Na5 29. Bb6 Bc5+ 30. Bxc5 Rxc5 31. Rd8 Kf7 32. gxf5 Rc2+ 33. R1d2 Rxd2+ 34. Rxd2 gxf5 35. Rc2 Nc6 36. Bxc6 Bxc6 37. Ke3 h5 38. h4 Ke7 39. Kd4 Kd7 40. Rc3 Kc7 41. Rg3 Kb6 42. Rg6 Bd5 43. Rh6 1-0


[Site "https://www.chess.com"]